[Event "Early-Titled-Tuesday-Blitz-February-06-2024"]
[Site "Chess.com"]
[Date "2024.02.06"]
[Round "9"]
[White "PepeCuenca"]
[Black "chess123456s"]
[Result "0-1"]
[WhiteElo "2686"]
[BlackElo "2556"]
[TimeControl "180+1"]
[EndTime "9:44:43 PST"]
[Termination "chess123456s won on time"]

1. d4 d5 2. Bf4 c5 3. e3 Nc6 4. Nf3 Nf6 5. Nbd2 e6 6. c3 Bd6 7. Bg3 O-O 8. Bd3 b6 9. e4 Be7 10. e5 Nh5 11. Ng5 Bxg5 12. Qxh5 g6 13. Qe2 cxd4 14. h4 Be7 15. Nf3 dxc3 16. bxc3 d4 17.
O-O-O Qc7 18. Kb1 dxc3 19. h5 Nb4 20. Rc1 Nxd3 21. Qxd3 Rd8 22. Qxc3 Qxc3 23. Rxc3 Ba6 24. hxg6 hxg6 25. Bh4 Bxh4 26. Rxh4 Rac8 27. Rxc8 Rxc8 28. Ng5 Bd3+ 29. Kb2 Rc2+ 30. Kb3 Rxf2 31. Nh7 Kg7 32. Nf6 g5 33. Rd4 Bc2+ 34. Kc3 Rxg2 35. Rd7 a5 36.
Rb7 Bb1 37. a4 Re2 38. Rxb6 Rxe5 39. Ne8+ Kf8 40. Nd6 Rc5+ 41. Kd4 Rd5+ 42. Ke3 Bg6 0-1

[Event "Early-Titled-Tuesday-Blitz-February-06-2024"]
[Site "Chess.com"]
[Date "2024.02.06"]
[Round "9"]
[White "Baby_Legs"]
[Black "EvgenyBurmakin"]
[Result "1-0"]
[WhiteElo "2622"]
[BlackElo "2428"]
[TimeControl "180+1"]
[EndTime "9:44:43 PST"]
[Termination "Baby_Legs won on time"]

1. d4 Nf6 2. Bg5 Ne4 3. Bf4 c5 4. f3 Nf6 5. dxc5 Qa5+ 6. Nc3 Qxc5 7. e4 Nc6 8. Qd2 d6 9. O-O-O Be6 10. Kb1 g6 11. Nd5 Bxd5 12. exd5 Ne5 13. Be3 Qc7 14. Bb5+ Ned7 15. Ne2 Bg7 16. Bh6 O-O 17. Bxg7 Kxg7 18. Bxd7 Qxd7 19. g4 Rad8 20. h4 e6 21. Qd4 e5 22.
Qxa7 Ra8 23. Qe3 Qa4 24. Nc3 Qa5 25. h5 b5 26. hxg6 fxg6 27. Qh6+ Kg8 28. a3 b4 29.
Ne4 Ra7 30. Rd3 Qb5 31. Nxd6 Qc5 32. Ne4 Nxe4 33. fxe4 bxa3 34. Rxa3 Rb7 35. Rb3 Ra7 36.
Qe3 Qc7 37. Rd1 Rfa8 38. Kc1 Ra1+ 39. Kd2 Rxd1+ 40. Kxd1 Ra1+ 41. Kd2 Qa5+ 42. Qc3 1-0

[Event "Early-Titled-Tuesday-Blitz-February-06-2024"]
[Site "Chess.com"]
[Date "2024.02.06"]
[Round "9"]
[White "Nikolakis2014"]
[Black "shimastream"]
[Result "0-1"]
[WhiteElo "2733"]
[BlackElo "3011"]
[TimeControl "180+1"]
[EndTime "9:44:44 PST"]
[Termination "shimastream won on time"]

1. Nf3 e6 2. c4 g5 3. d4 g4 4. Ne5 h5 5. Nc3 Bg7 6. e3 d6 7. Nd3 Qe7 8. Be2 f5 9. b4 Nf6 10. Bb2 Qf7 11. Qc2 Nc6 12. b5 Ne7 13. c5 Ng6 14. a4 O-O 15. Ba3 Rd8 16. O-O e5 17. a5 f4 18. cxd6 cxd6 19. dxe5 dxe5 20. exf4 exf4 21. f3 g3 22. Nc5 Ng4 23. fxg4 Bd4+ 24. Kh1 hxg4 25. Qa2 Qxa2 26. Nxa2 Bf5 27. Rad1 f3 28.
gxf3 g2+ 29. Kxg2 Nf4+ 30. Kh1 Nxe2 31. Nxb7 Rd7 32. Nd6 Rxd6 33. Bxd6 gxf3 34. h4 Be4 35. Kh2 Kf7 36. Nb4 Rh8 37. Bg3 Be5 0-1

[Event "Early-Titled-Tuesday-Blitz-February-06-2024"]
[Site "Chess.com"]
[Date "2024.02.06"]
[Round "9"]
[White "Thunderbolt135"]
[Black "DeArron_Fox"]
[Result "1-0"]
[WhiteElo "2700"]
[BlackElo "2510"]
[TimeControl "180+1"]
[EndTime "9:44:44 PST"]
[Termination "Thunderbolt135 won by resignation"]

1. b3 e5 2. Bb2 Nc6 3. e3 Nf6 4. Bb5 Bd6 5. Ne2 a6 6. Bxc6 dxc6 7. Ng3 h5 8. Nc3 h4 9. Nge4 h3 10. g3 Bf5 11. Qf3 Bg6 12. Nxf6+ gxf6 13. O-O-O f5 14. Qe2 Bh5 15. f3 e4 16. Nxe4 fxe4 17. Bxh8 Bxf3 18. Qc4 Bxh1 19. Rxh1 Qe7 20. Rf1 Qe6 21.
Qxe6+ fxe6 22. Rf6 Ke7 23. Rh6 Rf8 24. Rxh3 Ba3+ 25.
Kd1 Rf1+ 26. Ke2 Rc1 27. Be5 Rxc2 28. Rh7+ Ke8 29. Bc3 Bc1 30. Rxc7 Rxa2 31. Rxb7 a5 32. h4 c5 33. h5 c4 34. bxc4 a4 35. h6 a3 36. h7 1-0

[Event "Early-Titled-Tuesday-Blitz-February-06-2024"]
[Site "Chess.com"]
[Date "2024.02.06"]
[Round "9"]
[White "Mikhail_Golubev"]
[Black "kecalk"]
[Result "1-0"]
[WhiteElo "2657"]
[BlackElo "2516"]
[TimeControl "180+1"]
[EndTime "9:44:44 PST"]
[Termination "Mikhail_Golubev won by checkmate"]

1. e4 c5 2. Nf3 Nc6 3. Nc3 e5 4. Bc4 Be7 5. d3 d6 6. Nd2 Nf6 7. Nf1 Bg4 8. f3 Be6 9. Ne3 O-O 10. O-O Rb8 11. a4 Nh5 12. Ned5 Bg5 13. Bd2 Kh8 14.
Qc1 Bxd2 15. Qxd2 Nf6 16. f4 exf4 17. Rxf4 Nd7 18. Raf1 Nde5 19. Ne3 Nxc4 20. Nxc4 Ne5 21. b3 Nxc4 22. dxc4 Qe7 23. Qd3 f6 24. Nd1 a6 25. Ne3 Rfd8 26. Rh4 Qe8 27. e5 Bg8 28. exf6 gxf6 29. Rxf6 b5 30. axb5 axb5 31. cxb5 d5 32.
Rhf4 d4 33. Ng4 Qe7 34. b6 Rd6 35. h3 Rbxb6 36. Rf8 Rd8 37. Rxd8 Qxd8 38. Qf5 Qe7 39. Nf6 Bf7 40. Qxh7# 1-0

[Event "Early-Titled-Tuesday-Blitz-February-06-2024"]
[Site "Chess.com"]
[Date "2024.02.06"]
[Round "9"]
[White "Kildepiotr"]
[Black "jacky72"]
[Result "1/2-1/2"]
[WhiteElo "2701"]
[BlackElo "2809"]
[TimeControl "180+1"]
[EndTime "9:44:45 PST"]
[Termination "Game drawn - insufficient material"]

1. Nf3 Nf6 2. g3 g6 3. Bg2 Bg7 4. O-O O-O 5. d4 d6 6. Nbd2 Nbd7 7. e4 e5 8. dxe5 Nxe5 9. Nxe5 dxe5 10. Qe2 Qe7 11. Nc4 Bg4 12. f3 Be6 13. Be3 Qb4 14. b3 Bxc4 15. bxc4 Qa3 16. Rfb1 b6 17. c5 Rfd8 18. Rb3 Qa5 19. a4 Nd7 20. Qb5 Qxb5 21. axb5 Nxc5 22. Bxc5 bxc5 23. Bf1 Rd2 24. Rc3 Bh6 25.
Kh1 Bf8 26. Bc4 Bd6 27. Bd3 h5 28. h4 Kg7 29. Rc4 g5 30. hxg5 h4 31. g4 Kg6 32. f4 h3 33. Rf1 h2 34. fxe5 Bxe5 35. Rxc5 Bd6 36. e5+ Rxd3 37. exd6 Rxd6 38. Rxc7 Kxg5 39.
Rcxf7 Kxg4 40. Rg7+ Kh5 41. Rf2 Kh6 42. Rc7 a6 43.
Rxh2+ Kg6 44. Rg2+ Kf6 45. Rf2+ Ke6 46. bxa6 Rdxa6 47. Rc3 Rg8 48. Rg2 Ra1+ 49. Kh2 Rh8+ 50. Rh3 Rxh3+ 51.
Kxh3 Kd5 52. Re2 Kc4 53. Kg3 Kc3 54. Kf3 Rc1 55. Ke4 Rxc2 56. Rxc2+ Kxc2 1/2-1/2

[Event "Early-Titled-Tuesday-Blitz-February-06-2024"]
[Site "Chess.com"]
[Date "2024.02.06"]
[Round "9"]
[White "KbzasDavid16"]
[Black "ATM622"]
[Result "1-0"]
[WhiteElo "2561"]
[BlackElo "2438"]
[TimeControl "180+1"]
[EndTime "9:44:46 PST"]
[Termination "KbzasDavid16 won on time"]

1. d4 Nf6 2. Nf3 e6 3. g3 d5 4.
Bg2 Be7 5. c4 O-O 6. Nc3 c6 7. b3 b6 8. O-O Bb7 9. Qd3 Nbd7 10.
Bb2 c5 11. cxd5 exd5 12. Rad1 Rc8 13. dxc5 Nxc5 14. Qf5 g6 15. Qb1 Nce4 16. Qa1 Qc7 17. Nb5 Qc5 18. Nfd4 a6 19. Ba3 Qxa3 20. Nxa3 Bxa3 21.
Nf3 Nc3 22. Rd2 Nfe4 23. Rc2 a5 24. Nd4 Bc5 25. e3 Ba6 26. Re1 Bd3 27. Bxe4 dxe4 28. Rxc3 Bb4 29. Rec1 Rce8 30. Rc7 f6 31. R1c6 Re5 32.
a3 Bd2 33. Ne6 Re8 34. Nf4 Rg5 35. Qd4 Bc1 36. Qd7 Re7 37. Qxe7 1-0

[Event "Early-Titled-Tuesday-Blitz-February-06-2024"]
[Site "Chess.com"]
[Date "2024.02.06"]
[Round "9"]
[White "AlexeiShirov"]
[Black "kingofthenil"]
[Result "1-0"]
[WhiteElo "2793"]
[BlackElo "2678"]
[TimeControl "180+1"]
[EndTime "9:44:47 PST"]
[Termination "AlexeiShirov won on time"]

1. e4 Nc6 2. Nf3 d5 3. exd5 Qxd5 4. Nc3 Qh5 5. Be2 Bg4 6. h3 O-O-O 7. O-O Bxh3 8. gxh3 Qxh3 9. Nh2 e6 10. Bg4 Qh4 11. f4 Nd4 12. Ne2 h5 13. Bf3 Nf5 14. Qe1 Bc5+ 15.
Kh1 Qe7 16. d4 Bxd4 17. Nxd4 Nxd4 18. c3 Nxf3 19. Nxf3 Nh6 20. Nd4 Ng4 21. Be3 c5 22.
Nb3 Rd3 23. Bxc5 Qc7 24. Qe4 Rhd8 25. Rae1 Rh3+ 26. Kg2 Rdd3 27. Bf2 Rh2+ 28. Kg1 Rdh3 29. Nd4 Qc5 30. Re2 Qc4 31. b3 Qa6 32. c4 Qb6 33. f5 Nxf2 34. Rexf2 Qd6 35. Qf4 e5 36. Nb5 Rh1+ 37. Kg2 Qc6+ 38. Rf3 Kb8 39. Qxe5+ 1-0

[Event "Early-Titled-Tuesday-Blitz-February-06-2024"]
[Site "Chess.com"]
[Date "2024.02.06"]
[Round "9"]
[White "Goryachkina"]
[Black "FrenchMonster2002"]
[Result "1/2-1/2"]
[WhiteElo "2667"]
[BlackElo "2473"]
[TimeControl "180+1"]
[EndTime "9:44:48 PST"]
[Termination "Game drawn by repetition"]

1. e4 e5 2. Nf3 Nf6 3. Nxe5 Nxe4 4. Qe2 Qe7 5. Qxe4 d6 6. d4 dxe5 7. dxe5 Nc6 8. Nc3 Qxe5 9. Qxe5+ Nxe5 10. Bf4 Bd6 11. Bg3 h5 12. O-O-O f6 13. Nb5 h4 14.
Nxd6+ cxd6 15. Bf4 Ke7 16. h3 g5 17. Be3 Bf5 18. b3 Rhc8 19. Rd2 a6 20. Kb2 b5 21. c3 Rc6 22. Be2 Rac8 23. Bd4 Be4 24. f3 Bf5 25. Rhd1 Be6 26. Bd3 Nxd3+ 27. Rxd3 d5 28. Re1 Kf7 29. Rde3 Re8 30. b4 Bd7 31. Kc1 Rce6 32. Kd2 Rxe3 33. Rxe3 Rxe3 34. Kxe3 Ke6 35. a3 Be8 36. Bb6 Bg6 37.
Ba7 Bc2 38. Bb8 Bb3 39. Kd4 Bd1 40. Ke3 Bb3 41. Kf2 Bc4 42. Ke3 Kf5 43. Kf2 Ke6 44. Ke3 Kf5 45. Kf2 Ke6 1/2-1/2

[Event "Early-Titled-Tuesday-Blitz-February-06-2024"]
[Site "Chess.com"]
[Date "2024.02.06"]
[Round "9"]
[White "abelmat"]
[Black "DDTerziev04"]
[Result "0-1"]
[WhiteElo "2084"]
[BlackElo "2297"]
[TimeControl "180+1"]
[EndTime "9:44:48 PST"]
[Termination "DDTerziev04 won on time"]

1. c4 Nf6 2. Nc3 d6 3. Nf3 g6 4. g3 Bg7 5. Bg2 O-O 6. O-O Nc6 7. d4 e5 8. h3 exd4 9. Nxd4 Bd7 10. Bg5 h6 11.
Be3 Nxd4 12. Bxd4 Bc6 13. Nd5 Re8 14. Nxf6+ Bxf6 15. Bxc6 bxc6 16. Re1 Bxd4 17. Qxd4 Qe7 18. Rad1 c5 19. Qf4 Kg7 20. Rd5 Rab8 21. b3 a5 22. e3 Ra8 23. h4 a4 24. h5 g5 25. Qf3 axb3 26. axb3 Ra2 27. e4 f6 28. Qf5 Qf7 29.
Qf3 Re5 30. Rb1 Qe6 31. Rxe5 fxe5 32. b4 cxb4 33. Rxb4 Ra1+ 34. Kg2 g4 35. Qc3 Rd1 36. Rb7 Qf7 37. Qe3 Qxh5 38. Rxc7+ Kf6 0-1

[Event "Early-Titled-Tuesday-Blitz-February-06-2024"]
[Site "Chess.com"]
[Date "2024.02.06"]
[Round "9"]
[White "bteillet"]
[Black "kibromNNN"]
[Result "1-0"]
[WhiteElo "2161"]
[BlackElo "1786"]
[TimeControl "180+1"]
[EndTime "9:44:48 PST"]
[Termination "bteillet won on time"]

1. b4 e5 2. Bb2 d6 3. c4 Nf6 4.
e3 Be7 5. Nf3 O-O 6. Be2 a5 7.
b5 e4 8. Nd4 Re8 9. O-O Nbd7 10. d3 exd3 11. Bxd3 Nc5 12. Bc2 h6 13. Nd2 Be6 14.
h3 Qd7 15. Qe2 Nh7 16. Nxe6 Qxe6 17. Nf3 Nf6 18. Nd4 Qd7 19. Rad1 Nfe4 20. Qf3 Bf6 21. Rfe1 a4 22. a3 Ng5 23. Qh5 Re5 24. Nf3 Nxf3+ 25. Qxf3 Rae8 26. Bxe5 Bxe5 27. Qd5 b6 28. Qf3 Qe7 29.
Qf5 Qd8 30. Qh7+ Kf8 31. Rd5 Qf6 32. Red1 Ke7 33. Qf5 Kd8 34. Qg4 h5 35. Qe2 h4 36.
R1d2 1-0

[Event "Early-Titled-Tuesday-Blitz-February-06-2024"]
[Site "Chess.com"]
[Date "2024.02.06"]
[Round "9"]
[White "dropstoneDP"]
[Black "lachesisQ"]
[Result "1/2-1/2"]
[WhiteElo "3031"]
[BlackElo "3093"]
[TimeControl "180+1"]
[EndTime "9:44:49 PST"]
[Termination "Game drawn by repetition"]

1. e4 c5 2. Nf3 d6 3. d4 cxd4 4. Nxd4 Nf6 5. Nc3 a6 6. h3 e5 7. Nb3 Be6 8. f4 b5 9. fxe5 dxe5 10. Qxd8+ Kxd8 11. Bg5 Be7 12. Bxf6 Bxf6 13. O-O-O+ Nd7 14. Nc5 Kc8 15. Nxd7 Bxd7 16. Nd5 Bd8 17. Be2 h5 18. Rd3 Rh6 19. Rf1 Be8 20. Kb1 Ra7 21. Rc1 Bg5 22. Rcd1 a5 23. c4 bxc4 24. Rc3 Kb8 25.
Rxc4 Rb7 26. Bf3 h4 27. Bg4 Rc6 28. Rxc6 Bxc6 29. Kc2 g6 30. b3 Rb5 31. Be2 Rc5+ 32. Bc4 f5 33. Kd3 Bxd5 34. Bxd5 Kc7 35. Bf7 Rc6 36. Bd5 Rb6 37. Rf1 Bf4 38. Rf2 Kd6 39.
Rc2 Ke7 40. Rc5 Ra6 41. a4 Kf6 42. Rc6+ Rxc6 43. Bxc6 Bg3 44. Ke2 Ke7 45. Kf3 Be1 46. Bb5 Bb4 47. Bc4 Kf6 48. Bb5 Bc3 49. Bc4 Bb4 50.
Bb5 Bc3 51. Bc4 Bb4 1/2-1/2

[Event "Early-Titled-Tuesday-Blitz-February-06-2024"]
[Site "Chess.com"]
[Date "2024.02.06"]
[Round "9"]
[White "Sadykov_Ramil"]
[Black "FlemingA"]
[Result "1-0"]
[WhiteElo "2593"]
[BlackElo "2425"]
[TimeControl "180+1"]
[EndTime "9:44:50 PST"]
[Termination "Sadykov_Ramil won on time"]

1. d4 g6 2. e4 Bg7 3. c4 d6 4. Nc3 a6 5. Be3 Nc6 6. Nge2 e5 7. d5 Nce7 8. g3 Bg4 9. Bg2 f5 10. h3 Bxe2 11. Qxe2 Nf6 12. g4 f4 13. Bd2 Nd7 14.
b4 a5 15. bxa5 Rxa5 16. a4 Nc5 17.
Qd1 Nd3+ 18. Ke2 Nc5 19. Nb5 Ra8 20. Bf3 O-O 21. Bb4 Na6 22. Qd2 g5 23. h4 Ng6 24.
hxg5 Qxg5 25. Rh5 Qe7 26. g5 Rf7 27. Rah1 Bf8 28. Ba3 Nb8 29. a5 Na6 30. Kd1 Qd8 31. Bg4 Kh8 32. Bf5 Rg7 33. f3 Qe8 34. Qh2 Qf7 35.
Be6 Qe7 36. Kc2 c6 37. Bxd6 cxb5 38. Bxe7 Rxe7 39. Rxh7+ 1-0

[Event "Early-Titled-Tuesday-Blitz-February-06-2024"]
[Site "Chess.com"]
[Date "2024.02.06"]
[Round "9"]
[White "GoValya"]
[Black "EsmeraldasAnderson03"]
[Result "1-0"]
[WhiteElo "2289"]
[BlackElo "2394"]
[TimeControl "180+1"]
[EndTime "9:44:50 PST"]
[Termination "GoValya won by checkmate"]

1. d4 d5 2. g3 c5 3. Bg2 cxd4 4.
Nf3 Nf6 5. O-O h6 6. Nxd4 e5 7. Nb3 Nc6 8. Nc3 Be6 9. h3 Be7 10. e4 d4 11. Ne2 O-O 12. f4 Qb6 13. Kh2 Bd6 14. fxe5 Bd7 15. exf6 Rac8 16. fxg7 Rfe8 17. Bf4 Be5 18. Bxe5 Nxe5 19. Nf4 Bb5 20. Re1 d3 21.
cxd3 Qf2 22. Qe2 Qb6 23. Qe3 Qf6 24. Nd5 Qxg7 25. Rf1 Re6 26. Nd4 Bxd3 27. Nxe6 fxe6 28. Nf6+ Kh8 29. Nh5 Qh7 30. Rf6 Nf7 31. Qxd3 Rc5 32. Nf4 Qg7 33. Rg6 Qxb2 34. Rd1 Rc7 35. Qd4+ Qxd4 36. Rxd4 e5 37. Ne6 Re7 38. Rd5 Kh7 39. Rg7+ Kh8 40. Rc5 Rxe6 41. Rc8+ Kxg7 42. Rc7 Rb6 43. h4 Rb2 44. Kh3 h5 45. Bf3 Kg6 46.
Bxh5+ Kxh5 47. Rxf7 a5 48. Rf6 Rb3 49. axb3 b5 50.
g4# 1-0

[Event "Early-Titled-Tuesday-Blitz-February-06-2024"]
[Site "Chess.com"]
[Date "2024.02.06"]
[Round "9"]
[White "pfalcon1949"]
[Black "stratacticos"]
[Result "1-0"]
[WhiteElo "1955"]
[BlackElo "2032"]
[TimeControl "180+1"]
[EndTime "9:44:51 PST"]
[Termination "pfalcon1949 won on time"]

1. e4 c5 2. Nf3 Nc6 3. d4 cxd4 4. Nxd4 e5 5. Nb5 d6 6. N1c3 a6 7. Na3 b5 8. Nd5 Nce7 9. c4 Nxd5 10. exd5 b4 11. Nc2 a5 12. b3 f5 13. Be2 Nf6 14. Bg5 Be7 15. O-O O-O 16. f4 e4 17. Ne3 h6 18. Bh4 Kh7 19. Rc1 a4 20. Kh1 axb3 21.
axb3 Ra3 22. Rg1 Nxd5 23. Nxd5 Bxh4 24. Nxb4 Bf2 25. Rf1 Bc5 26. Nd5 Be6 27. Ra1 Bxd5 28. cxd5 Rxa1 29. Qxa1 Qh4 30. Bc4 Bf2 31. Qc3 e3 32.
Ra1 Qxf4 33. Ra7 Qe5 34. Qxe5 dxe5 35. Rd7 Ra8 36. g3 f4 37. gxf4 exf4 38. Kg2 Ra2 39. Kf3 Bg1 40. Bd3+ Kg8 41. Bg6 1-0

[Event "Early-Titled-Tuesday-Blitz-February-06-2024"]
[Site "Chess.com"]
[Date "2024.02.06"]
[Round "9"]
[White "DenLaz"]
[Black "Bauman_Guy"]
[Result "1-0"]
[WhiteElo "3057"]
[BlackElo "2867"]
[TimeControl "180+1"]
[EndTime "9:44:53 PST"]
[Termination "DenLaz won by checkmate"]

1. d4 Nf6 2. c4 e6 3. Nf3 d5 4.
Nc3 c5 5. cxd5 Nxd5 6. e4 Nxc3 7. bxc3 cxd4 8. cxd4 Bb4+ 9. Bd2 Bxd2+ 10. Qxd2 O-O 11.
Rd1 b6 12. Bd3 Bb7 13. O-O Nd7 14. Rfe1 Rc8 15. d5 Nc5 16. Nd4 exd5 17. e5 Ne6 18. Nf5 Rc5 19. Nd6 Ba8 20. f4 d4 21. Bc4 Bd5 22.
Bd3 Ra5 23. Ra1 Nc5 24. Bf1 Nb7 25. Nf5 Be6 26. Ng3 d3 27. f5 Qd4+ 28. Kh1 Bd7 29. e6 fxe6 30. fxe6 Bxe6 31. Bxd3 Rd5 32. Rad1 Kh8 33.
Rxe6 Nc5 34. Re3 Rfd8 35. Qe2 g6 36. Bc2 Qxd1+ 37. Bxd1 Rxd1+ 38. Nf1 Kg7 39. h3 R1d7 40. Re7+ Kf8 41. Rxd7 Rxd7 42. Ng3 Re7 43. Qf2+ Kg7 44. Qd4+ Kf7 45. Kh2 h6 46. Nf1 h5 47. Ne3 Re4 48. Qd5+ Kf6 49. Qd6+ Re6 50. Nd5+ Kf5 51. Qf4# 1-0

[Event "Early-Titled-Tuesday-Blitz-February-06-2024"]
[Site "Chess.com"]
[Date "2024.02.06"]
[Round "9"]
[White "eightbyeightchess"]
[Black "Vaathi_Coming"]
[Result "0-1"]
[WhiteElo "2389"]
[BlackElo "2911"]
[TimeControl "180+1"]
[EndTime "9:44:54 PST"]
[Termination "Vaathi_Coming won by resignation"]

1. e4 e5 2. Nf3 Nc6 3. d4 exd4 4. c3 d5 5. exd5 Qxd5 6. cxd4 Nf6 7. Nc3 Bb4 8. Be2 O-O 9. O-O Bxc3 10. bxc3 Bg4 11. c4 Qe4 12. Bb2 Rfe8 13. Re1 Nb4 14. Bf1 Qf5 15. Rxe8+ Rxe8 16. Qa4 Bxf3 17. Qxb4 Ne4 18.
Re1 Bxg2 19. Bxg2 Qxf2+ 20. Kh1 Ng3+ 21. hxg3 Rxe1+ 22. Kh2 h5 23. Bc3 Re2 24. Qxb7 h4 25.
Qc8+ Kh7 26. Qh3 g5 27. gxh4 Qf4+ 28. Qg3 Qxg3+ 29. Kxg3 Re3+ 30. Kg4 Rxc3 31. Bd5 gxh4 32. Kxh4 Kg7 33. Kg5 Rd3 34. Kf5 Rxd4 35. Ke5 Rd2 36. a4 Kf8 37. a5 Ke7 0-1

[Event "Early-Titled-Tuesday-Blitz-February-06-2024"]
[Site "Chess.com"]
[Date "2024.02.06"]
[Round "9"]
[White "GrumbleBruno"]
[Black "Dinosaurio_1975"]
[Result "0-1"]
[WhiteElo "2470"]
[BlackElo "2595"]
[TimeControl "180+1"]
[EndTime "9:44:55 PST"]
[Termination "Dinosaurio_1975 won on time"]

1. e4 c6 2. c4 d5 3. cxd5 cxd5 4.
exd5 Nf6 5. Bb5+ Nbd7 6. Nc3 g6 7. d4 a6 8. Be2 Nb6 9. Bf3 Nbxd5 10. Qb3 Nxc3 11.
bxc3 Qc7 12. Ne2 Bg7 13. Bf4 Qd7 14. Rb1 O-O 15. O-O Qf5 16. Bxb7 Bxb7 17. Qxb7 Nd5 18. Bg3 e6 19. c4 Nf6 20. Be5 h5 21. h3 h4 22. Qb2 Ne4 23. Bxg7 Kxg7 24. d5+ Kh7 25. Nd4 Qg5 26. Nf3 Qe7 27. Rfe1 Nc5 28. Qd4 Rad8 29. Nxh4 Qd6 30. Rbd1 exd5 31. cxd5 Ne6 32.
Qg4 Nf4 33. Nf3 Nxd5 34. Ng5+ Kg7 35. Qd4+ Qf6 36. Qxf6+ Nxf6 37. Nf3 Rxd1 38. Rxd1 Rc8 39. Rd6 Rc2 40. Rxa6 Ne4 41. Kh2 Rxf2 0-1

[Event "Early-Titled-Tuesday-Blitz-February-06-2024"]
[Site "Chess.com"]
[Date "2024.02.06"]
[Round "9"]
[White "smotherhubbard"]
[Black "anasta10"]
[Result "1-0"]
[WhiteElo "2386"]
[BlackElo "2525"]
[TimeControl "180+1"]
[EndTime "9:44:55 PST"]
[Termination "smotherhubbard won by checkmate"]

1. d4 Nf6 2. c4 g6 3. f3 d6 4. e4 Bg7 5. Nc3 O-O 6. Be3 e5 7. d5 a5 8. Qd2 Na6 9. O-O-O Re8 10. g4 Nc5 11. h4 a4 12. h5 b6 13. Nge2 Bd7 14. Ng3 Qc8 15. Be2 Qa6 16. Rdg1 Qa5 17. hxg6 fxg6 18. Nf5 Bh8 19. Bg5 a3 20. b3 Qb4 21.
Kc2 Na4 22. Nxa4 Qxd2+ 23. Bxd2 gxf5 24. gxf5+ Kf7 25. Nc3 Rg8 26. Bg5 h5 27. Nd1 b5 28.
cxb5 Rab8 29. Nc3 Nh7 30. Be3 Nf6 31. f4 exf4 32. Bxf4 Ng4 33. Rxh5 Bxc3 34. Kxc3 Nf6 35. Rhh1 Nxe4+ 36. Kd4 Nc5 37. Rh7+ Kf6 38. Rgh1 Kxf5 39. Be3 Rg4+ 40. Kc3 Re4 41. Bd3 Nxd3 42. Kxd3 Re5 43. Rxd7 Rbe8 44. Bd4 Rxd5 45. Rf1+ Ke6 46. Rdf7 c5 47.
R1f6# 1-0

[Event "Early-Titled-Tuesday-Blitz-February-06-2024"]
[Site "Chess.com"]
[Date "2024.02.06"]
[Round "9"]
[White "VitaliyBernadskiy"]
[Black "FabianoCaruana"]
[Result "0-1"]
[WhiteElo "2922"]
[BlackElo "3062"]
[TimeControl "180+1"]
[EndTime "9:44:56 PST"]
[Termination "FabianoCaruana won by resignation"]

1. d4 Nf6 2. Nf3 e6 3. Bg5 d5 4. e3 Be7 5. c4 h6 6. Bh4 O-O 7. Nc3 Nbd7 8. Rc1 c6 9. a3 Ne4 10. Bxe7 Qxe7 11. Qc2 Nd6 12. cxd5 exd5 13. Bd3 Nf6 14.
Ne5 Ng4 15. Nxg4 Bxg4 16. O-O Rfe8 17. Rce1 Qg5 18. Kh1 Re7 19. f3 Bd7 20. e4 dxe4 21. fxe4 f6 22. Qb3+ Be6 23. d5 Bf7 24. Qb4 Rd8 25.
dxc6 bxc6 26. Rd1 Rb7 27. Qd4 Rxb2 28. Ne2 Qe5 29. Qxa7 Nxe4 30. Qe3 Re8 31. Qd4 Qxd4 32. Nxd4 c5 33. Bxe4 Rxe4 34. Nf5 Ree2 35. Rd8+ Kh7 36. Rg1 Be6 37. Ng3 Rec2 38. Ne4 Bf5 39. Nd6 Bh3 40.
Nc4 Rxc4 41. gxh3 Rcc2 42. Rg3 Rxh2+ 43. Kg1 Rhc2 0-1

[Event "Early-Titled-Tuesday-Blitz-February-06-2024"]
[Site "Chess.com"]
[Date "2024.02.06"]
[Round "9"]
[White "rasmussvane"]
[Black "Rikikits"]
[Result "1-0"]
[WhiteElo "2976"]
[BlackElo "2852"]
[TimeControl "180+1"]
[EndTime "9:44:56 PST"]
[Termination "rasmussvane won on time"]

1. Nf3 d5 2. g3 c6 3. Bg2 Bg4 4. O-O Nd7 5. h3 Bxf3 6. Bxf3 e5 7. d3 Ngf6 8. e4 dxe4 9. dxe4 Bc5 10. Nd2 O-O 11. Qe2 Qe7 12. Nb3 Bb6 13. a4 a5 14.
Bd2 Nc5 15. Nxc5 Bxc5 16. Rfd1 Bd4 17. c3 Bb6 18. Kg2 Rfd8 19. Be1 Rxd1 20. Rxd1 Rd8 21. Rxd8+ Qxd8 22. Qc4 g6 23. Qb3 Kg7 24. Qc2 Qd6 25. Bd2 Nd7 26. Bc1 Nc5 27. Be2 Ne6 28. Bc4 Bc5 29.
Kf1 b6 30. Ke2 Nf8 31. Qd2 Nd7 32. Qh6+ Kg8 33. Qh4 Nf6 34. Bg5 Kg7 35. Bh6+ Kg8 36. Bb3 Nh5 37. Qg4 Ng7 38. Qc8+ Qf8 39. Qxc6 Qe7 40. Bd5 Ne8 41. h4 Ng7 42. b4 axb4 43. cxb4 Bd4 44. Qc8+ Ne8 45. Bc6 1-0

[Event "Early-Titled-Tuesday-Blitz-February-06-2024"]
[Site "Chess.com"]
[Date "2024.02.06"]
[Round "9"]
[White "colegiodemadrid"]
[Black "NikitaShnadrygin"]
[Result "1-0"]
[WhiteElo "2516"]
[BlackElo "2658"]
[TimeControl "180+1"]
[EndTime "9:44:56 PST"]
[Termination "colegiodemadrid won by resignation"]

1. d4 d5 2. Nf3 Nc6 3. Bf4 Bg4 4. e3 e6 5. Be2 Bd6 6. Bg3 Nf6 7. Nbd2 O-O 8. O-O Qe7 9. c4 Bxg3 10. hxg3 Qb4 11. Qc2 Bf5 12. Qc1 dxc4 13. Nxc4 Rac8 14. a3 Qe7 15. b4 Ne4 16. Qb2 f6 17. Rac1 Rfd8 18. Rfe1 g5 19. b5 Nb8 20. Na5 c6 21. bxc6 bxc6 22. Ba6 Rc7 23. Bf1 h5 24. Nd2 Nxd2 25.
Qxd2 c5 26. Qc3 Nd7 27. e4 Bg6 28. d5 Ne5 29. f4 gxf4 30. gxf4 Ng4 31. Nc6 Rxc6 32.
dxc6 Qd6 33. Be2 Qxf4 34. Bxg4 hxg4 35. c7 Qxc7 36. Qxf6 Bf7 37. Qg5+ Kh7 38. Rxc5 Qd6 39. Qh4+ Kg7 40. Rg5+ Kf8 41. Rf1 Qd4+ 42. Kh1 Qxe4 43. Rg8+ Kxg8 44. Qxd8+ Kg7 45. Qf6+ Kh7 46. Qxf7+ 1-0

[Event "Early-Titled-Tuesday-Blitz-February-06-2024"]
[Site "Chess.com"]
[Date "2024.02.06"]
[Round "9"]
[White "APOKALIPSA13"]
[Black "annamaja"]
[Result "0-1"]
[WhiteElo "2215"]
[BlackElo "2387"]
[TimeControl "180+1"]
[EndTime "9:44:57 PST"]
[Termination "annamaja won by checkmate"]

1. e4 e6 2. Nf3 d5 3. d4 dxe4 4.
Ng5 Nf6 5. Nc3 Bb4 6. a3 Bxc3+ 7.
bxc3 h6 8. Nh3 b6 9. Bb5+ c6 10.
Bc4 Bb7 11. O-O O-O 12. f3 b5 13. Bb3 c5 14. dxc5 Qxd1 15. Rxd1 exf3 16. gxf3 Bxf3 17. Rf1 Be4 18. Bxh6 Bf5 19. Bg5 Bxh3 20. Rf3 Bf5 21. Bxf6 gxf6 22. Kf2 Rd8 23. Rg1+ Kf8 24. h4 Ke7 25.
Re1 Bg4 26. Rf4 f5 27. a4 Na6 28. c6 bxa4 29. Bxa4 Rac8 30. Re5 Rd5 31. Rxd5 exd5 32. Bb5 Nc5 33. h5 Ne4+ 34. Ke3 Nxc3 35. Bd3 Kf6 36. Rb4 Rxc6 37. Rb7 Bxh5 38. Rxa7 Re6+ 39. Kf4 Ne2+ 40.
Bxe2 Bxe2 41. Ra5 Re4+ 42. Kg3 Bc4 43. Kf3 Ke5 44. c3 Rf4+ 45. Ke3 Rh4 46. Ra7 Rh3+ 47. Kd2 f6 48. Re7+ Kf4 49. Re6 d4 50. Rxf6 Rh2+ 51. Kc1 d3 52. Rc6 d2+ 53. Kc2 Bb3+ 54. Kxb3 d1=Q+ 55.
Kb4 Rb2+ 56. Kc5 Qd3 57. c4 Qe3+ 58. Kd6 Qd4+ 59. Kc7 Qe5+ 60. Kd7 Rb7+ 61. Kc8 Qb8# 0-1

[Event "Early-Titled-Tuesday-Blitz-February-06-2024"]
[Site "Chess.com"]
[Date "2024.02.06"]
[Round "9"]
[White "HajiyevKanan"]
[Black "Road2GM3000"]
[Result "0-1"]
[WhiteElo "2605"]
[BlackElo "2502"]
[TimeControl "180+1"]
[EndTime "9:44:59 PST"]
[Termination "Road2GM3000 won on time"]

1. d4 d5 2. c4 c6 3. cxd5 cxd5 4. Nc3 Nf6 5. Nf3 Nc6 6. Bg5 a6 7. Bxf6 gxf6 8. e3 Bf5 9. Qb3 Ra7 10. Qxd5 Qxd5 11. Nxd5 e6 12. Nc3 Bb4 13. Rc1 Rg8 14.
a3 Ba5 15. b4 Nxb4 16. axb4 Bxb4 17. Be2 Ba3 18. Rd1 Bb4 19. Kd2 Rxg2 20. Nh4 Rxf2 21. Nxf5 Rxf5 22. Kd3 Ra8 23. Ne4 Ra5 24. Nxf6+ Ke7 25.
Nh5 f5 26. Bf3 Ra3+ 27. Ke2 Ra2+ 28. Kf1 Rc8 29. Nf4 b5 30. Nd3 Bd6 31. h4 b4 32.
Rg1 Kf6 33. Rg2 Ra3 34. Rb2 a5 35. Ke2 b3 36. Rdb1 a4 37. Kd2 Bc7 38. Nc5 Ba5+ 39. Kd3 e5 40. Bb7 Rc7 41. Kc4 f4 42. Be4 fxe3 43.
Kb5 Bc3 44. dxe5+ Kxe5 45. Rg2 Rxc5+ 46. Kxc5 Kxe4 47. Rg4+ Kd3 48. Re4 Kxe4 49. Kc4 Ra1 0-1